 Dungeon Crawl Stone Soup version 0.18.1-48-g4cf74bf (webtiles) character file.

370 amialc the Skirmisher (level 6, -4/48 HPs)
             Began as a Demonspawn Fighter on Aug 7, 2016.
             Slain by an ogre
             ... wielding a cursed -1 giant club
              (14 damage)
             ... on level 4 of the Dungeon.
             The game lasted 00:13:19 (2016 turns).

amialc the Skirmisher (Demonspawn Fighter)          Turns: 2016, Time: 00:13:19

Health: -4/48      AC: 15    Str: 19    XL:     6   Next: 42%
Magic:  6/6        EV:  8    Int:  9    God:
Gold:   90         SH:  9    Dex: 12    Spells: 0 memorised, 5 levels left

rFire  + . .     SeeInvis .     a - +1 long sword
rCold  . . .     Gourm    .     h - +0 pearl dragon armour
rNeg   + + .     Faith    .     c - +0 shield
rPois  .         Spirit   .     (helmet restricted)
rElec  .         Dismiss  .     k - +2 cloak
rCorr  .         Reflect  .     (no gloves)
SustAt .         Harm     .     (no boots)
MR     .....                    (no amulet)
Stlth  ..........               (no ring)
                                s - ring of positive energy

@: glowing, not resistant to hostile enchantments, extremely unstealthy
A: horns 1, icy blue scales 1, fire resistance 1
a: no special abilities


You were on level 4 of the Dungeon.
You were not hungry.

You visited 1 branch of the dungeon, and saw 4 of its levels.

You collected 90 gold pieces.

Inventory:

Hand Weapons
 a - a +1 long sword (weapon)
Missiles
 e - 47 arrows
 r - 54 stones (quivered)
Armour
 b - a +0 scale mail
 c - a +0 shield (worn)
 h - a +0 pearl dragon armour (worn)
 k - a +2 cloak (worn)
 p - a +0 pair of boots
 q - a +0 plate armour
Jewellery
 s - a ring of positive energy (left hand)
Wands
 v - a wand of confusion (31/48)
Scrolls
 g - 2 scrolls of remove curse
 i - a scroll of recharging {unknown}
 j - 2 scrolls of teleportation {unknown}
 m - a scroll of fear {unknown}
 o - a scroll of fog {unknown}
 t - a scroll of enchant armour {unknown}
Potions
 d - a potion of might
 u - 2 potions of berserk rage {unknown}
 x - a potion of heal wounds {unknown}
 z - a potion of flight {unknown}
Comestibles
 f - 2 bread rations
 l - a beef jerky
 w - a royal jelly


   Skills:
 + Level 4.3 Fighting
 + Level 3.1 Long Blades
 + Level 3.5 Armour
 + Level 2.3 Dodging
 + Level 1.1 Stealth
 + Level 3.8 Shields


You had 5 spell levels left.
You didn't know any spells.

Dungeon Overview and Level Annotations

Branches:
Dungeon (4/15)
 Temple: D:4-7

Altars:
Kikubaaqudgha
Okawaru


Innate Abilities, Weirdness & Mutations

You have a pair of small horns on your head.
You are partially covered in icy blue scales (AC +1).
Your flesh is heat resistant.


Message History

Your shield and pearl dragon armour prevent you from hitting Dowan.
You headbutt Dowan.
Dowan is heavily wounded.
Dowan hits you but does no damage. The ogre hits you with a giant club!
* * * LOW HITPOINT WARNING * * *
Dowan barely misses you.
You slash Dowan!
Dowan is almost dead.
Dowan closely misses you. The ogre closely misses you.
You block Dowan's attack.
You slash Dowan!
You kill Dowan!
Your Stealth skill increases to level 1!
You block the ogre's attack.
Things that are here:
a dagger; a robe You slash the ogre!
You headbutt the ogre!
The ogre is severely wounded.
The ogre hits you with a giant club!
You die...

##........##
#..........#
#..........#
#..........#
#..........#
#..........#
..#####
##........##
.......####......##
#)O@...#.#.##
######.....#####
###†......#
##...##.... #...#
#. #..... ###...#
...# .....


You could see an ogre.

Vanquished Creatures
  Duvessa (D:4)
  Dowan (D:4)
  Jessica (D:2)
  An orc wizard (D:3)
  Robin (D:2)
  5 adders
  An ooze (D:1)
  4 worms
  A dart slug (D:2)
  3 giant geckos
  4 orcs (D:3)
  A giant cockroach (D:2)
  13 hobgoblins
  7 jackals
  2 kobolds
  A quokka (D:2)
  2 ball pythons
  5 bats (D:1)
  2 giant newts
  13 goblins
  8 rats
77 creatures vanquished.

Notes
Turn   | Place    | Note
--------------------------------------------------------------
     0 | D:1      | amialc the Demonspawn Fighter began the quest for the Orb.
     0 | D:1      | Reached XP level 1. HP: 18/18 MP: 1/1
   182 | D:1      | Gained mutation: You are partially covered in icy blue scales (AC +1). [demonic ancestry]
   182 | D:1      | Reached XP level 2. HP: 24/24 MP: 2/2
   522 | D:2      | Reached XP level 3. HP: 26/29 MP: 3/3
   523 | D:2      | Noticed Jessica
   528 | D:2      | Killed Jessica
   560 | D:2      | Reached skill level 1 in Dodging
   662 | D:2      | Gained mutation: You have a pair of small horns on your head. [demonic ancestry]
   662 | D:2      | Reached XP level 4. HP: 36/36 MP: 4/4
   828 | D:2      | Found an iron altar of Okawaru.
   832 | D:2      | Noticed Robin
   863 | D:2      | Killed Robin
  1244 | D:3      | Reached XP level 5. HP: 26/42 MP: 5/5
  1256 | D:3      | Reached skill level 4 in Fighting
  1651 | D:3      | Found an ancient bone altar of Kikubaaqudgha.
  1991 | D:4      | Noticed Duvessa
  1995 | D:4      | Noticed Dowan
  1996 | D:4      | Noticed an ogre
  2005 | D:4      | Killed Duvessa
  2005 | D:4      | Gained mutation: Your flesh is heat resistant. [demonic ancestry]
  2005 | D:4      | Reached XP level 6. HP: 27/48 MP: 6/6
  2014 | D:4      | Killed Dowan
  2014 | D:4      | Reached skill level 1 in Stealth
  2016 | D:4      | Slain by an ogre

Skill      XL: |  1  2  3  4  5  6 |
---------------+-------------------+-----
Shields        | 3 |  3.8
Long Blades    | 2 3 |  3.1
Dodging        | 1 2 |  2.3
Fighting       | 4 |  4.3
Armour         | 3 |  3.5
Stealth        | 1 |  1.1

Action                   |  1- 3 |  4- 6 || total
-------------------------+-------+-------++-------
Melee: Long sword        |   111 |   163 ||   274
       Headbutt          |       |    24 ||    24
Evoke: Wand              |       |     1 ||     1
  Use: Potion            |       |     5 ||     5
       Scroll            |       |     2 ||     2
 Stab: Confused          |       |     1 ||     1
  Eat: Bread ration      |       |     1 ||     1
       Fruit             |       |     1 ||     1
Armor: Scale mail        |     8 |       ||     8
       Pearl dragon armo |   100 |   133 ||   233
Dodge: Dodged            |    43 |    70 ||   113
Block: Shield            |    75 |   107 ||   182
